 Dungeon Crawl Stone Soup version 0.31-a0-263-ge8cad7f256 (webtiles) character file.

Game seed: 4350870518745058914

60 qw the Shooter (level 4, -6/26 HPs)
             Began as a Gargoyle Hexslinger on July 13, 2023.
             Killed from afar by Natasha (8 damage)
             ... with a magic dart
             ... on level 2 of the Dungeon.
             The game lasted 00:00:29 (776 turns).

qw the Shooter (Gargoyle Hexslinger)                 Turns: 776, Time: 00:00:29

Health: -6/26      AC:  8    Str: 12    XL:     4   Next: 6%
Magic:  5/5        EV: 15    Int: 13    God:
Gold:   120        SH:  0    Dex: 14    Spells: 4/5 levels left

rFire   . . .        Y - +2 sling
rCold   . . .        (no shield)
rNeg    + . .        d - +0 ring mail
rPois   inf          (no helmet)
rElec   +            (no cloak)
rCorr   .            (no gloves)
SInv    .            (no boots)
Will    .....        (no amulet)
Stlth   +            g - +5 ring of evasion
HPRegen 0.24/turn    (no ring)
MPRegen 0.09/turn

%: no passive effects
@: no status effects
A: sickness immunity, AC +3, negative energy resistance 1, electricity
resistance, torment resistance 1, petrification resistance
a: no special abilities


You were on level 2 of the Dungeon.
You visited 1 branch of the dungeon, and saw 2 of its levels.

You collected 120 gold pieces.


Innate Abilities, Weirdness & Mutations

You are immune to sickness and miasma.
Your stone body is resilient. (AC +3)
You are immune to poison.
You resist negative energy. (rN+)
You are resistant to electric shocks. (rElec)
You are resistant to unholy torment.
You are immune to petrification.


   Skills:
 - Level 2.0 Fighting
 + Level 3.9 Ranged Weapons
 - Level 1.5 Dodging
 - Level 1.0 Spellcasting
 - Level 2.6 Hexes


You had 4 spell levels left.
You knew the following spells:

 Your Spells              Type           Power      Damage    Failure   Level
a - Slow                  Hex            28%        N/A       22%         1

Your spell library contained the following spells:

 Spells                   Type           Power      Damage    Failure   Level
 Inner Flame              Hex/Fire       4%         N/A       73%         3
 Portal Projectile        Hex/Tloc       8%         N/A       73%         3
 Cause Fear               Hex            3%         N/A       91%         4

Inventory:

Hand Weapons
 Y - a +2 sling (weapon)
Armour
 d - a +0 ring mail (worn)
Jewellery
 g - a +5 ring of evasion (left hand)
Scrolls
 a - a scroll of teleportation {unknown}
Potions
 e - a potion of heal wounds {unknown}
 f - a potion of degeneration {unknown}

Dungeon Overview and Level Annotations

Branches:
Dungeon (2/15)

Altars:
Gozag

Annotations:
D:2 Natasha


Message History

Terence hits you but does no damage. The cerulean imp barely misses you.
You shoot a sling bullet.
The sling bullet hits Terence but does no damage.
Terence is heavily wounded.
Natasha hisses.
Terence hits you with a +0 mace. The cerulean imp misses you.
Terence closely misses you.
You shoot a sling bullet. The sling bullet hits Terence!
Terence is almost dead.
The cerulean imp misses you. Terence hits you with a +0 mace.
You shoot a sling bullet. The sling bullet hits Terence.
Terence is almost dead.
The cerulean imp closely misses you. Terence closely misses you.
The cerulean imp misses you. Terence barely misses you.
You shoot a sling bullet.
The sling bullet hits Terence but does no damage.
Terence is almost dead.
The cerulean imp hits you but does no damage.
Terence closely misses you.
You shoot a sling bullet. The sling bullet hits Terence.
You kill Terence!
The cerulean imp completely misses you. The cerulean imp closely misses you.
You have reached level 4!
You feel stronger.
772 ||| Stepping ~*~*~tactically~*~*~ (outnumbered).
You shoot a sling bullet.
The sling bullet misses the cerulean imp.
The cerulean imp misses you.
You shoot a sling bullet. The sling bullet hits the cerulean imp.
The cerulean imp is heavily wounded.
The cerulean imp hits you from afar with a +1 spear.
The cerulean imp closely misses you.
You shoot a sling bullet. The sling bullet hits the cerulean imp.
The cerulean imp is severely wounded.
The cerulean imp disappears in a puff of smoke!
You shoot a sling bullet.
The sling bullet closely misses Natasha.
Natasha mumbles some strange words.
Natasha stares at you and mumbles some strange words.
The magic dart hits you!
You die...

## #. ######## #.
#...(... #h #.......
#. #....... ##h######
#....... #...@...#
#.......
#%#5.##.##########.##
#.
##.##..........(.##
.. #[############....
.# #.. ##.## . ###.
#.# . #.# / #.# #.#


You could see Natasha and a cerulean imp (summoned).

Vanquished Creatures
  Terence (D:2)
  A dart slug (D:1)
  4 endoplasms (D:1)
  2 giant cockroaches (D:1)
  2 goblins (D:1)
  3 hobgoblins (D:1)
  A quokka (D:1)
  4 ball pythons
  6 bats
  2 frilled lizards (D:1)
  2 kobolds (D:1)
  2 rats (D:1)
30 creatures vanquished.

Notes
Turn   | Place    | Note
-------+----------+-------------------------------------------
     0 | D:1      | qw the Gargoyle Hexslinger began the quest for the Orb.
     0 | D:1      | Reached XP level 1. HP: 12/12 MP: 2/2
     0 | D:1      | 0 ||| qw: Version: 0.3-a-52-g30416fa
     0 | D:1      | 0 ||| qw: Game counter: 7526
     0 | D:1      | 0 ||| qw: Melee chars always use a shield: true
     0 | D:1      | 0 ||| qw: God list: Okawaru
     0 | D:1      | 0 ||| qw: Allow faded altars: false
     0 | D:1      | 0 ||| qw: Do Orc after clearing Dungeon:15 true
     0 | D:1      | 0 ||| qw: Do second Lair branch before Depths: true
     0 | D:1      | 0 ||| qw: Lair rune preference: random
     0 | D:1      | 0 ||| qw: Goals: Normal
     0 | D:1      | 0 ||| PLANNING D:1-11
   152 | D:1      | Reached XP level 2. HP: 16/16 MP: 3/3
   169 | D:1      | 169 ||| UPGRADING to +5 ring of evasion.
   170 | D:1      | 170 ||| READING scroll labelled ZAR RIUSAFA.
   171 | D:1      | 171 ||| READING scroll labelled DEZERO USAS.
   172 | D:1      | 172 ||| DROPPING scroll of poison.
   206 | D:1      | Reached skill level 3 in Ranged Weapons
   372 | D:1      | Reached XP level 3. HP: 21/21 MP: 4/4
   631 | D:1      | Found an opulent altar of Gozag.
   635 | D:1      | 635 ||| UPGRADING to +0 ring mail.
   645 | D:1      | 645 ||| DROPPING +0 robe.
   653 | D:1      | 653 ||| READING scroll labelled FAECUL QIHUASCH.
   656 | D:1      | 656 ||| READING scroll labelled ZAYQUL RAJU.
   755 | D:2      | Noticed Terence
   758 | D:2      | Noticed Natasha
   767 | D:2      | HP: 3/21 [Terence/+0 mace (6)]
   768 | D:2      | HP: 1/21 [Terence/+0 mace (2)]
   771 | D:2      | Killed Terence
   772 | D:2      | Reached XP level 4. HP: 2/26 MP: 5/5
   772 | D:2      | 772 ||| Stepping ~*~*~tactically~*~*~ (outnumbered).
   774 | D:2      | HP: 1/26 [cerulean imp/+1 spear[Natasha] (2)]
   776 | D:2      | Killed from afar by Natasha

Levels and vault maps discovered:
D:1:      dpeg_arrival_lava_altar, layout_basic, minmay_pentomino_r2
D:2:      layout_rooms, basic_altar, uniq_natasha, uniq_terence

Skill      XL: |  1  2  3 |
---------------+----------+-----
Ranged Weapons | 3 |  3.9
Fighting       | 2 |  2.0
Dodging        | |  1.5
Spellcasting   | |  1.0
Hexes          | |  2.6

Action                     |  1- 3 |  4- 6 || total
---------------------------+-------+-------++-------
   Fire: Sling             |   112 |     4 ||   116
    Use: Scroll            |     4 |       ||     4
 Armour: Robe              |    19 |       ||    19
         Ring mail         |    11 |       ||    11
  Dodge: Dodged            |    85 |     2 ||    87

Table legend:
 A = Non-vault XP
 B = Vault XP
 C = Vault XP percentage of total XP
 D = Non-vault monster count
 E = Vault monster count
 F = Vault count percentage of total count
                 A         B        C        D         E       F
            +---------+---------+-------+---------+---------+-------
      Total |      49 |      38 |  43.7 |      27 |       3 |  10.0
            +---------+---------+-------+---------+---------+-------
        D:1 |      41 |       2 |   4.7 |      23 |       2 |   8.0
        D:2 |       8 |      36 |  81.8 |       4 |       1 |  20.0
            +---------+---------+-------+---------+---------+-------
